 Dungeon Crawl Stone Soup version 0.19.3-1-g3169bf9 (webtiles) character file.

1642 bosm the Quickloader (level 8, -13/58 HPs)
             Began as a Demonspawn Wanderer on Jan 26, 2017.
             Was an Initiate of Makhleb.
             Mangled by Pikel
             ... wielding a +1 whip of electrocution
              (20 damage)
             ... on level 7 of the Dungeon.
             The game lasted 00:23:51 (6035 turns).

bosm the Quickloader (Demonspawn Wanderer)          Turns: 6035, Time: 00:23:52

Health: -13/58     AC: 18    Str: 16    XL:     8   Next: 67%
Magic:  9/9        EV:  4    Int: 14    God:    Makhleb [......]
Gold:   351        SH:  0    Dex: 11    Spells: 0 memorised, 7 levels left

rFire  . . .     SeeInvis .     w - +3 hand crossbow
rCold  + . .     Gourm    .     r - +0 plate armour
rNeg   . . .     Faith    .     (no shield)
rPois  .         Spirit   .     v - +0 helmet
rElec  .         Reflect  .     I - +1 cloak
rCorr  .         Harm     .     (no gloves)
MR     +....                    x - +0 pair of boots
Stlth  ..........               (no amulet)
                                (no ring)
                                B - ring of protection from magic

@: very slightly contaminated, invisible
A: molten scales 2, cold resistance 1, frail 1, mutation resistance 1, screaming
1, rot immunity, subdued magic 1
a: Renounce Religion


You were on level 7 of the Dungeon.
You worshipped Makhleb.
Makhleb was noncommittal.
You were not hungry.

You visited 2 branches of the dungeon, and saw 8 of its levels.

You collected 351 gold pieces.

Inventory:

Hand Weapons
 a - a +0 flail of venom
 w - a +3 hand crossbow (weapon)
 J - a +0 quarterstaff
Missiles
 b - 33 bolts (quivered)
Armour
 r - a +0 plate armour (worn)
 v - a +0 helmet (worn)
 x - a +0 pair of boots (worn)
 I - a +1 cloak (worn)
Jewellery
 B - a ring of protection from magic (left hand)
Wands
 K - a wand of slowing (16/48)
Scrolls
 e - 4 scrolls of teleportation
 k - a scroll of blinking
 l - 7 scrolls of identify
 m - a scroll of magic mapping
 t - 3 scrolls of enchant weapon
Potions
 h - a potion of brilliance
 q - 4 potions of curing
 F - 2 potions of resistance
Comestibles
 c - a chunk of flesh
 f - 5 bread rations
 p - a meat ration


   Skills:
 + Level 6.6 Fighting
 * Level 8.7 Crossbows
 + Level 2.5 Armour
   Level 1.0 Shields
 + Level 2.2 Evocations


You had 7 spell levels left.
You didn't know any spells.

Dungeon Overview and Level Annotations

Branches:
Dungeon (7/15)             Temple (1/1) D:6

Altars:
Ashenzari
Cheibriados
Dithmenos
Elyvilon
Fedhas
Gozag
Hepliaklqana
Kikubaaqudgha
Makhleb
Nemelex Xobeh
Okawaru
Qazlal
Ru
Sif Muna
Trog
Uskayaw
Vehumet
Xom
Yredelemnul
Zin
The Shining One

Shops:
D:5 }

Annotations:
D:7 Pikel


Innate Abilities, Weirdness & Mutations

You are mostly covered in molten scales. (AC +3)
You are immune to rotting.
Your flesh is cold resistant. (rC+)
You are frail. (-10% HP)
You are somewhat resistant to further mutation.
You occasionally shout uncontrollably at your foes.
Your spells are a little easier to cast, but a little less powerful.


Message History

Press: ? - help, Shift-Dir - straight line, f/p - Pikel
Aim: Pikel, wielding a whip of electrocution and wearing a glowing robe (moderately wounded)
You shoot a bolt. The bolt hits Pikel.
Pikel is heavily wounded.
Pikel hits you but does no damage.
Firing (i - inventory):
b - 35 bolts (quivered)
Press: ? - help, Shift-Dir - straight line, f/p - Pikel
Aim: Pikel, wielding a whip of electrocution and wearing a glowing robe (heavily wounded)
You shoot a bolt. The bolt misses Pikel.
The bolt barely misses the slave.
Pikel hits you but does no damage.
You are electrocuted!
* * * LOW HITPOINT WARNING * * *
Firing (i - inventory):
b - 34 bolts (quivered)
Press: ? - help, Shift-Dir - straight line, f/p - Pikel
Aim: Pikel, wielding a whip of electrocution and wearing a glowing robe (heavily wounded)
You shoot a bolt. The bolt hits Pikel.
Pikel is heavily wounded.
Pikel hits you with a whip of electrocution.
* * * LOW HITPOINT WARNING * * *
You are electrocuted!
You die...

#.... ....##...##.).# ###....
.............# .......
.......p.....#
.......########.K.##...#
.........(...##.p.####.#
.........)...'.....# ###
...........pp#.....# ######
...........pK##+#######.....#
...####+#####@..............#
.. #.(.............# .
#...............#
#...............# ###.......#
#.....).# #.).....#
####.).....#######
#....)####.......#


You could see Pikel and 3 slaves.

Vanquished Creatures
  Edmund (D:5)
  Purgy (D:3)
  A slave (D:7)
  A necrophage (D:6)
  2 centaurs (D:5)
  2 ogres
  2 big kobolds (D:4)
  A bullfrog (D:6)
  2 scorpions (D:6)
  3 crimson imps
  2 centaur skeletons
  2 jellies
  An iguana (D:5)
  Ijyb (D:3)
  Natasha (thrice) (D:3)
  2 orc wizards (D:3)
  3 worker ants (D:4)
  3 gnolls (D:3)
  7 adders
  A shadow imp (D:7)
  An ooze (D:1)
  An adder zombie (D:5)
  4 worms
  An adder skeleton (D:5)
  A dart slug (D:1)
  5 leopard geckos
  13 orcs
  4 giant cockroaches
  9 goblins
  8 hobgoblins
  19 jackals
  4 quokkas
  2 ball pythons
  10 bats
  5 frilled lizards
  18 kobolds
  A quokka zombie (D:5)
  7 rats
154 creatures vanquished.

Notes
Turn   | Place    | Note
-------+----------+-------------------------------------------
     0 | D:1      | bosm the Demonspawn Wanderer began the quest for the Orb.
     0 | D:1      | bosm set off with: a +2 hand crossbow, 24 bolts, a potion of curing, a +0 ring mail, a bread ration
     0 | D:1      | Reached XP level 1. HP: 18/18 MP: 1/1
   191 | D:1      | Gained mutation: You are partially covered in molten scales. (AC +2) [demonic ancestry]
   191 | D:1      | Reached XP level 2. HP: 18/24 MP: 2/2
   199 | D:1      | Reached skill level 4 in Crossbows
   417 | D:1      | Reached XP level 3. HP: 10/29 MP: 3/3
  1734 | D:3      | Reached XP level 4. HP: 35/35 MP: 4/4
  1737 | D:3      | Noticed Ijyb
  1739 | D:3      | Noticed Purgy
  1746 | D:3      | Killed Ijyb
  1746 | D:3      | Reached skill level 5 in Crossbows
  1760 | D:3      | Killed Purgy
  1760 | D:3      | Gained mutation: You are immune to rotting. [demonic ancestry]
  1760 | D:3      | Reached XP level 5. HP: 24/42 MP: 5/5
  2103 | D:3      | Noticed Natasha
  2230 | D:3      | Reached XP level 6. HP: 46/49 MP: 6/6
  2278 | D:3      | Killed Natasha
  2278 | D:3      | Reached skill level 6 in Crossbows
  2384 | D:3      | Noticed Natasha
  2385 | D:3      | Killed Natasha
  2534 | D:3      | Noticed Natasha
  2534 | D:3      | Killed Natasha
  2889 | D:4      | Reached skill level 5 in Fighting
  3031 | D:4      | Gained mutation: You are mostly covered in molten scales. (AC +3) [demonic ancestry]
  3031 | D:4      | Reached XP level 7. HP: 56/56 MP: 7/7
  3313 | D:4      | Reached skill level 7 in Crossbows
  3673 | D:5      | Entered Level 5 of the Dungeon
  4107 | D:5      | Reached XP level 8. HP: 60/64 MP: 8/8
  4162 | D:5      | Noticed Edmund
  4169 | D:5      | Killed Edmund
  4169 | D:5      | Reached skill level 8 in Crossbows
  4333 | D:5      | Found Hygrodenk's Gadget Boutique.
  4674 | D:6      | Found a staircase to the Ecumenical Temple.
  4682 | Temple   | Entered the Ecumenical Temple
  4687 | Temple   | Became a worshipper of Makhleb the Destroyer
  4904 | D:6      | Gained mutation: Your flesh is cold resistant. (rC+) [potion of mutation]
  4904 | D:6      | Gained mutation: You occasionally shout uncontrollably at your foes. [potion of mutation]
  4904 | D:6      | Gained mutation: You are frail. (-10% HP) [potion of mutation]
  4905 | D:6      | Gained mutation: Your spells are a little easier to cast, but a little less powerful. [potion of mutation]
  4905 | D:6      | Gained mutation: You are somewhat resistant to further mutation. [potion of mutation]
  5181 | D:6      | Found a glowing silver altar of Zin.
  5979 | D:7      | Noticed Pikel
  6035 | D:7      | Mangled by Pikel

Skill      XL: |  1  2  3  4  5  6  7  8 |
---------------+-------------------------+-----
Crossbows      | 4 5 6 7 8 |  8.7
Fighting       | 4 5 6 |  6.6
Armour         | 2 |  2.5
Evocations     | 2 |  2.2
Shields        | |  1.0

Action                   |  1- 3 |  4- 6 |  7- 9 || total
-------------------------+-------+-------+-------++-------
Melee: Dagger            |   110 |       |       ||   110
       Spear             |     7 |    38 |       ||    45
       Hand crossbow     |       |     1 |       ||     1
       Mace              |       |       |    69 ||    69
       Flail             |       |       |    67 ||    67
 Fire: Hand crossbow     |    70 |   151 |   133 ||   354
  Use: Potion            |     1 |       |    18 ||    19
       Scroll            |       |     2 |    10 ||    12
  Eat: Chunk             |     3 |     3 |     9 ||    15
       Fruit             |       |       |     2 ||     2
Armor: Ring mail         |   143 |    29 |       ||   172
       Plate armour      |       |   115 |   215 ||   330
Dodge: Dodged            |   182 |    46 |    55 ||   283
